 Dungeon Crawl Stone Soup version 0.19.4 (webtiles) character file.

967 Minion the Cleaver (level 8, 0/57 HPs)
             Began as a Hill Orc Fighter on Feb 2, 2017.
             Was a Follower of Hepliaklqana.
             Slain by a troll (7 damage)
             ... on level 6 of the Dungeon.
             The game lasted 00:07:22 (4326 turns).

Minion the Cleaver (Hill Orc Fighter)               Turns: 4326, Time: 00:07:23

Health: 0/57       AC:  8    Str: 21    XL:     8   Next: 15%
Magic:  8/8        EV: 10    Int:  8    God:    Hepliaklqana [*.....]
Gold:   311        SH:  0    Dex: 10    Spells: 0 memorised, 7 levels left

rFire  . . .     SeeInvis .     a - +0 war axe
rCold  . . .     Gourm    .     b - +0 scale mail
rNeg   . . .     Faith    .     (no shield)
rPois  .         Spirit   .     (no helmet)
rElec  .         Reflect  .     x - +0 cloak
rCorr  .         Harm     .     (no gloves)
MR     .....                    (no boots)
Stlth  +.........               v - amulet of magic regeneration (curse)
                                (no ring)
                                w - ring of stealth

@: no status effects
A: reduced essence
a: Recall Ancestor, Ancestor Identity, Renounce Religion


You were on level 6 of the Dungeon.
You worshipped Hepliaklqana.
Hepliaklqana was aware of your devotion.
You were not hungry.

You visited 1 branch of the dungeon, and saw 6 of its levels.

You collected 311 gold pieces.

Inventory:

Hand Weapons
 a - a +0 war axe (weapon)
Armour
 b - a +0 scale mail (worn)
 x - a +0 cloak (worn)
Jewellery
 v - a cursed amulet of magic regeneration (around neck)
 w - a ring of stealth (left hand)
Wands
 t - a wand of lightning (12/15)
 y - a wand of lightning (9/15)
Scrolls
 e - 5 scrolls of identify {unknown}
 h - 2 scrolls of random uselessness {unknown}
 i - 5 scrolls of remove curse {unknown}
 k - a scroll of noise {unknown}
 l - 2 scrolls of immolation {unknown}
 m - a scroll of enchant weapon {unknown}
 p - 2 scrolls of fear {unknown}
 r - 2 scrolls of teleportation {unknown}
 z - a scroll of magic mapping {unknown}
Potions
 c - 4 potions of curing
 d - 3 potions of might
 n - a potion of heal wounds {unknown}
 o - a potion of beneficial mutation {unknown}
Comestibles
 f - 3 bread rations
 g - 8 chunks of flesh
 j - 2 meat rations
 q - 2 fruits
 s - a slice of pizza
 u - a beef jerky


   Skills:
 - Level 3.6 Fighting
 + Level 11.0 Axes
 + Level 4.3 Armour
 + Level 2.0 Dodging
   Level 3.2 Shields


You had 7 spell levels left.
You didn't know any spells.

Dungeon Overview and Level Annotations

Branches:
Dungeon (6/15)
 Temple: D:4-7

Altars:
Ashenzari
Fedhas
Hepliaklqana
Ru


Message History

The troll closely misses you. The troll barely misses you.
The troll claws you but does no damage.
Cuahtemoc closely misses the troll.
You barely miss the troll.
The troll is moderately wounded.
The troll barely misses you. The troll claws you!
* * * LOW HITPOINT WARNING * * *
The troll barely misses you.
Cuahtemoc hits the troll.
You are too injured to fight recklessly!
You closely miss the troll.
The troll is moderately wounded.
The troll bites you but does no damage. The troll claws you.
* * * LOW HITPOINT WARNING * * *
The troll claws you.
* * * LOW HITPOINT WARNING * * *
Cuahtemoc hits the troll.
Cuahtemoc closely misses the troll.
Cuahtemoc hits the troll.
Cuahtemoc hits the troll but does no damage.
The troll bites you!
You die...

##............. #.
#.............. #.#
#.............. #..####
#.............. #.....##
#...............
#......###...............
?......#.................
..........#..............
........###...RT@........
.......## #..............
.......# #..............
#......# ####...........
#.....## ###.#.......
#....## #.#######. #....#
##.# #...## #.#
#.########


You could see the friendly Cuahtemoc the ancestor and a troll.

Vanquished Creatures
  The ghost of Jovan the Poker, an amateur HuWn (D:4)
  2 ogres
  A centaur (D:5)
  Blork the orc (D:4)
  A bullfrog (D:6)
  Ijyb (D:3)
  Terence (D:3)
  4 adders
  3 gnolls (D:4)
  2 oozes
  An adder skeleton (D:5)
  4 worms
  A dart slug (D:3)
  3 leopard geckos
  2 ball pythons (D:4)
  9 giant cockroaches
  10 goblins
  7 hobgoblins
  10 jackals (D:5)
  2 quokkas
  8 bats
  7 frilled lizards
  9 kobolds
  3 quokka skeletons (D:4)
  10 rats
103 creatures vanquished.

Vanquished Creatures (collateral kills)
  A sky beast (D:5)
  A scorpion (D:4)
  A worker ant (D:4)
  An ooze (D:4)
  A rat (D:3)
5 creatures vanquished.

Grand Total: 108 creatures vanquished

Notes
Turn   | Place    | Note
-------+----------+-------------------------------------------
     0 | D:1      | Minion the Hill Orc Fighter began the quest for the Orb.
     0 | D:1      | Reached XP level 1. HP: 19/19 MP: 1/1
    22 | D:1      | Reached skill level 3 in Axes
    57 | D:1      | Reached XP level 2. HP: 24/26 MP: 2/2
   297 | D:1      | Reached skill level 4 in Axes
   465 | D:1      | Reached XP level 3. HP: 31/31 MP: 3/3
   731 | D:1      | Reached skill level 5 in Axes
   941 | D:2      | Reached XP level 4. HP: 31/39 MP: 4/4
  1058 | D:2      | Found a blossoming altar of Fedhas.
  1104 | D:2      | Reached skill level 6 in Axes
  1432 | D:3      | Noticed Ijyb
  1441 | D:3      | Killed Ijyb
  1441 | D:3      | Reached XP level 5. HP: 41/45 MP: 5/5
  1479 | D:3      | Noticed Terence
  1491 | D:3      | Killed Terence
  1491 | D:3      | Reached skill level 7 in Axes
  1577 | D:3      | Found a hazy altar of Hepliaklqana.
  1586 | D:3      | Became a worshipper of Hepliaklqana the Forgotten
  2154 | D:4      | Reached skill level 8 in Axes
  2154 | D:4      | Reached XP level 6. HP: 24/45 MP: 6/6
  2432 | D:4      | Noticed Blork the orc
  2444 | D:4      | Killed Blork the orc
  2674 | D:4      | Reached * piety under Hepliaklqana
  2759 | D:4      | Reached skill level 9 in Axes
  3140 | D:4      | Reached XP level 7. HP: 50/51 MP: 7/7
  3188 | D:4      | Noticed Jovan's ghost (amateur HuWn)
  3212 | D:4      | Killed Jovan's ghost
  3212 | D:4      | Reached skill level 10 in Axes
  3574 | D:5      | Entered Level 5 of the Dungeon
  3661 | D:5      | Reached skill level 1 in Dodging
  3895 | D:5      | Found a shattered altar of Ashenzari.
  3895 | D:5      | Found a sacrificial altar of Ru.
  4091 | D:5      | Reached XP level 8. HP: 40/57 MP: 8/8
  4286 | D:6      | Reached skill level 11 in Axes
  4305 | D:6      | Noticed a troll
  4326 | D:6      | Slain by a troll

Skill      XL: |  1  2  3  4  5  6  7  8 |
---------------+-------------------------+-----
Axes           | 3 4 5 6 8 9 10 11 | 11.0
Dodging        | 1 2 |  2.0
Armour         | 4 |  4.3
Fighting       | |  3.6
Shields        | |  3.2

Action                   |  1- 3 |  4- 6 |  7- 9 || total
-------------------------+-------+-------+-------++-------
Melee: War axe           |   106 |   159 |    88 ||   353
Invok: Recall Ancestor   |       |     1 |       ||     1
  Eat: Chunk             |       |     7 |     4 ||    11
Armor: Scale mail        |    71 |    57 |    32 ||   160
Dodge: Dodged            |    59 |    70 |    42 ||   171
